 Dungeon Crawl Stone Soup version 0.22.1-1-ga44c0e56f4 (webtiles) character file.

69129 Suka the Fighter (level 14, -7/116 HPs)
             Began as a Demonspawn Transmuter on Oct 4, 2018.
             Was the Champion of Cheibriados.
             Mangled by a five-headed hydra simulacrum (35 damage)
             ... on level 2 of the Lair of Beasts.
             The game lasted 02:51:18 (22784 turns).

Suka the Fighter (Demonspawn Transmuter)           Turns: 22784, Time: 02:51:20

Health: -7/116     AC: 23    Str: 28    XL:     14   Next: 89%
Magic:  9/20       EV: 21    Int: 29    God:    Cheibriados [******]
Gold:   209        SH:  3    Dex: 34    Spells: 2/17 levels left

rFire    . . .     SeeInvis +     - Unarmed
rCold    . . .     Gourm    .   (shield currently unavailable)
rNeg     . . .     Faith    .   I - +3 ring mail of Baewood {rPois rCorr}
rPois    +         Spirit   .   (helmet unavailable)
rElec    .         Reflect  +   b - +2 cloak {rPois}
rCorr    +         Harm     .   (gloves currently unavailable)
MR       +++..                  q - +0 pair of boots
Stlth    +++.......             x - amulet of Ofic {Reflect +Inv rPois Dex+2 SH+3}
HPRegen  4.29/turn              Q - ring of protection from magic
MPRegen  0.17/turn              y - ring of protection from magic

@: blade hands, sanguine armour, studying Stealth, very slow
A: antennae 3, powered by death 1, spiny 3, sanguine armour 2
a: End Transformation, Bend Time, Temporal Distortion, Slouch, Step From Time,
Renounce Religion, Evoke Invisibility


You were on level 2 of the Lair of Beasts.
You worshipped Cheibriados.
Cheibriados was exalted by your worship.
You were not hungry.
You had blades for hands.
You visited 5 branches of the dungeon, and saw 21 of its levels.
You also visited: Ice Cave.

You collected 1710 gold pieces.
You spent 1501 gold pieces at shops.

Inventory:

Hand Weapons
 a - the +8 hunting sling of Classification {venom, Stlth+}
   (You found it on level 10 of the Dungeon)

   It poisons the ammo it fires.
   It makes you more stealthy.
 F - the +10 dagger of Kuz Jaateap {elec, Str+2}
   (You found it on level 11 of the Dungeon)

   Occasionally, upon striking a foe, it will discharge some electrical energy
   and cause terrible harm.
   It affects your strength (+2).
Missiles
 i - a throwing net (quivered)
 G - 82 arrows
 H - 28 tomahawks
 T - 3 javelins
 X - 25 sling bullets
Armour
 b - a +2 cloak of poison resistance (worn)
 k - a +0 troll leather armour
 q - a +0 pair of boots (worn)
 r - a +0 plate armour of positive energy
 I - the +3 ring mail of Baewood (worn) {rPois rCorr}
   (You bought it in a shop on level 2 of the Orcish Mines)

   It protects you from poison.
   It provides partial protection from all sources of acid and corrosion.
Jewellery
 f - a +5 ring of strength
 s - an uncursed amulet of regeneration
 x - the amulet of Ofic (around neck) {Reflect +Inv rPois Dex+2 SH+3}
   (You found it on level 1 of the Elven Halls)

   [amulet of reflection]

   It shields you and reflects attacks.
   It affects your dexterity (+2).
   It protects you from poison.
   It lets you turn invisible.
   It affects your SH (+3).
 y - a ring of protection from magic (right scythe-like blade)
 E - an uncursed ring of fire
 L - a +4 ring of strength
 Q - a ring of protection from magic (left scythe-like blade)
 U - a +1 ring of protection
Wands
 z - a wand of acid (23)
 C - a wand of digging (15)
 O - a wand of iceblast (7)
 R - a wand of flame (43)
Scrolls
 m - 6 scrolls of remove curse
 o - 4 scrolls of teleportation
 p - a scroll of fear
 v - 2 scrolls of enchant weapon
 A - 2 scrolls of magic mapping
 J - a scroll of immolation {unknown}
 N - 3 scrolls of fog {unknown}
Potions
 c - 2 potions of berserk rage {unknown}
 e - a potion of curing
 g - 2 potions of haste
 h - 3 potions of ambrosia
 j - 2 potions of lignification
 l - 2 potions of invisibility {unknown}
 n - 3 potions of brilliance
 t - a potion of flight
 u - 2 potions of agility {unknown}
 B - a potion of magic {unknown}
 D - 3 potions of might
 M - a potion of mutation {unknown}
 P - 4 potions of heal wounds
Books
 W - a manual of Stealth
Miscellaneous
 K - a sack of spiders
 Y - a lightning rod (4/4)
Comestibles
 d - 23 rations


   Skills:
 - Level 12.9 Fighting
 - Level 7.1 Armour
 - Level 8.5 Dodging
 - Level 5.0 Stealth
 - Level 10.9 Unarmed Combat
 - Level 2.0 Spellcasting
 + Level 12.7 Transmutations
 * Level 5.5 Earth Magic
 - Level 8.0 Invocations


You had 2 spell levels left.
You knew the following spells:

 Your Spells              Type           Power        Failure   Level  Hunger
a - Beastly Appendage     Tmut           ######       6%          1    None
b - Sticks to Snakes      Tmut           ######..     7%          2    ##.....
c - Blade Hands           Tmut           ######....   21%         5    ######.
d - Confusing Touch       Hex            #.....       50%         1    None
e - Statue Form           Tmut/Erth      ######...    82%         6    #######

Your spell library contained the following spells:

 Spells                   Type           Power        Failure   Level  Hunger
 Apportation              Tloc           #.....       50%         1    None
 Pain                     Necr           #...         50%         1    None
 Summon Butterflies       Summ           #.......     50%         1    None
 Corpse Rot               Necr           N/A          61%         2    ##.....
 Ensorcelled Hibernation  Hex/Ice        #.....       61%         2    ##.....
 Sublimation of Blood     Necr           #.........   61%         2    ##.....
 Throw Frost              Conj/Ice       #.....       61%         2    ##.....
 Spider Form              Tmut/Pois      #####.....   24%         3    ###....
 Ice Form                 Ice/Tmut       #####...     43%         4    ####...
 Hydra Form               Tmut           ######....   45%         6    #######
 Alistair's Intoxication  Tmut/Pois      #####...     67%         5    ######.
 Irradiate                Conj/Tmut      #####.....   67%         5    ######.
 Yara's Violent Unravell  Hex/Tmut       #####.....   67%         5    ######.
 Lesser Beckoning         Tloc           #.........   77%         3    ###....
 Portal Projectile        Hex/Tloc       #.....       77%         3    ###....
 Tukima's Dance           Hex            #.......     77%         3    ###....
 Dragon Form              Tmut           ######....   86%         7    #######
 Borgnjor's Vile Clutch   Necr/Erth      ###.......   96%         5    ######.
 Agony                    Necr           #.......     100%        5    ######.
 Silence                  Hex/Air        #.........   100%        5    ######.
 Darkness                 Hex            #.........   100%        6    #######
 Death Channel            Necr           #.........   100%        6    #######
 Invisibility             Hex            #.......     100%        6    #######
 Shadow Creatures         Summ           N/A          100%        6    #######


Dungeon Overview and Level Annotations

Branches:
Dungeon (12/15)            Temple (0/1) D:6            Lair (4/6) D:8
 Shoals (0/4) Lair:3        Snake (1/4) Lair:2          Orc (2/2) D:12
    Elf (2/3) Orc:2

Altars:
Cheibriados
Dithmenos
Elyvilon
Fedhas
Ru
Trog
Vehumet
Wu Jian
Xom
The Shining One
Beogh

Shops:
D:10 }   Orc:2 [::[[   Elf:1 }

Annotations:
D:10 3 runed doors, PeterQ's ghost, journeyman TrMo
Lair:4 Rupert
Orc:2 3 runed doors, moonpresence's ghost, journeyman HOBe


Innate Abilities, Weirdness & Mutations

You have a pair of large antennae on your head. (SInv)
You regenerate a little health from kills.
You are completely covered in sharp spines.
When seriously injured, your bleeding wounds create thick armour. (AC +9)


Message History

The seven-headed hydra simulacrum bites you but does no damage.
You slice one of the six-headed hydra simulacrum's heads off!
You slash the five-headed hydra simulacrum!
The five-headed hydra simulacrum is moderately damaged.
The seven-headed hydra simulacrum is struck by your spines.
The seven-headed hydra simulacrum closely misses you.
The seven-headed hydra simulacrum bites you but does no damage.
The seven-headed hydra simulacrum closely misses you.
The seven-headed hydra simulacrum completely misses you.
The seven-headed hydra simulacrum misses you. x2
You block the seven-headed hydra simulacrum's attack.
The five-headed hydra simulacrum is struck by your spines.
The five-headed hydra simulacrum bites you.
The five-headed hydra simulacrum freezes you!!!
* * * LOW HITPOINT WARNING * * *
The five-headed hydra simulacrum bites you but does no damage.
The five-headed hydra simulacrum bites you.
* * * LOW HITPOINT WARNING * * *
The five-headed hydra simulacrum freezes you!!
You die...

.................................
#..###..###......................
#### ######.........†............
#......##########.#.....
#......#.#.#.#.####.....
##....##.#....$#####....
#....##.'...)###.......
#.....Z§'...!.#........
##########.....@Z'...!###.......
##.#.P##P........§#.....##P......
................>.#.#.#.###......
...........#####..####### #......
#..........# ##...# ##......
####......## #...### #P...... #
#......# #...#.#####......
##......## #...#...###......
#........# #................


You could see a seven-headed hydra simulacrum and a five-headed hydra
simulacrum.

Vanquished Creatures
  A frost giant (IceCv)
  A deep elf sorcerer (Elf:2)
  An orc warlord (Orc:2)
  A deep elf death mage (Elf:1)
  The ghost of Hedig the Geomancer, a journeyman GrEE of Vehumet (Lair:2)
  Harold (D:10)
  2 hydras
  A catoblepas (D:10)
  2 ogre magi (Orc:2)
  An anaconda (Lair:2)
  A dancing weapon (Elf:1)
  11 two-headed ogres
  2 orc high priests (Orc:2)
  The ghost of Sneal the Fighter, a novice DrBe of Trog (D:8)
  An unseen horror (D:11)
  2 deep trolls (Orc:2)
  3 large abominations (Elf:1)
  4 orc knights
  Pikel (D:5)
  11 deep elf magi
  An orc sorcerer (Orc:1)
  4 ugly things
  4 necromancers (Elf:1)
  4 cyclopes
  4 elephants (Lair:3)
  Maurice (D:10)
  4 black mambas
  2 ice statues (IceCv)
  A merfolk siren (Lair:3)
  A gargoyle (D:10)
  2 rime drakes (Lair:2)
  2 komodo dragons
  10 trolls
  3 merfolk (Lair:3)
  14 polar bears (IceCv)
  7 hippogriffs
  Sigmund (D:3)
  2 water elementals (Elf:1)
  An air elemental (Elf:2)
  A wyvern (D:11)
  A wraith (D:11)
  35 yaks
  A shadow (D:11)
  4 hogs (D:7)
  2 hungry ghosts
  A human (D:7)
  2 death yak simulacra (Lair:2)
  3 nagas (Lair:2)
  3 wargs (Orc:1)
  3 water moccasins
  A soldier ant (D:11)
  8 porcupines
  6 ice beasts
  20 orc warriors
  2 phantoms
  4 slaves (D:5)
  5 necrophages
  7 sky beasts
  4 black bears
  20 ogres
  26 wolves
  A black mamba simulacrum (Lair:2)
  6 centaurs
  5 crocodiles
  2 elf zombies (Elf:1)
  A big kobold (D:8)
  A gnoll sergeant (D:5)
  19 bullfrogs
  An earth elemental (Elf:1)
  2 scorpions
  6 killer bees
  10 wights
  5 howler monkeys
  2 bullfrog zombies
  5 centaur zombies
  4 jellies
  7 hounds
  3 quasits (D:8)
  3 crimson imps
  15 orc priests
  4 centaur skeletons
  Jessica (D:3)
  A gnoll shaman (D:5)
  2 iguanas
  11 orc wizards
  4 worker ants
  2 hound zombies
  2 hound skeletons
  20 gnolls
  7 adders
  A howler monkey skeleton (D:6)
  3 shadow imps
  3 oozes
  3 worms (D:2)
  A dart slug (D:1)
  7 leopard geckos
  61 orcs
  9 bats
  6 giant cockroaches
  9 goblins
  2 hobgoblins
  8 jackals
  17 kobolds
  5 quokkas
  2 ball pythons (D:3)
  2 jackal skeletons (D:4)
  A quokka zombie (D:8)
  6 rats
  A bush (D:11)
  A plant (D:11)
576 creatures vanquished.

Vanquished Creatures (collateral kills)
  A two-headed ogre (D:8)
  4 orc warriors
  A black bear (D:7)
  A phantom (D:6)
  4 ogres
  A bullfrog (Lair:2)
  A jelly (D:8)
  2 orc wizards
  A gnoll (D:8)
  7 orcs
  2 jackals (D:8)
25 creatures vanquished.

Vanquished Creatures (others)
  5 plants
5 creatures vanquished.

Grand Total: 606 creatures vanquished

Notes
Turn   | Place    | Note
-------+----------+-------------------------------------------
     0 | D:1      | Suka the Demonspawn Transmuter began the quest for the Orb.
     0 | D:1      | Reached XP level 1. HP: 15/15 MP: 3/3
   234 | D:1      | Gained mutation: You have a pair of small antennae on your
                  | head. [demonic ancestry]
   234 | D:1      | Reached XP level 2. HP: 12/21 MP: 3/5
  1134 | D:1      | Gained mutation: You are partially covered in sharp spines.
                  | [demonic ancestry]
  1134 | D:1      | Reached XP level 3. HP: 27/27 MP: 4/6
  2301 | D:2      | Gained mutation: When seriously injured, your bleeding
                  | wounds create armour. (AC +9) [demonic ancestry]
  2301 | D:2      | Reached XP level 4. HP: 33/34 MP: 7/7
  2384 | D:2      | Learned a level 2 spell: Sticks to Snakes
  2896 | D:2      | Found a glowing golden altar of the Shining One.
  2909 | D:2      | Found a shadowy altar of Dithmenos.
  3031 | D:3      | Noticed Sigmund
  3198 | D:3      | Found a shimmering altar of Xom.
  3567 | D:3      | Found a snail-covered altar of Cheibriados.
  3576 | D:3      | Noticed Jessica
  3581 | D:3      | Killed Jessica
  3581 | D:3      | Gained mutation: You are mostly covered in sharp spines.
                  | [demonic ancestry]
  3581 | D:3      | Reached XP level 5. HP: 35/40 MP: 8/8
  3618 | D:3      | Became a worshipper of Cheibriados the Contemplative
  4500 | D:3      | Killed Sigmund
  4500 | D:3      | Reached XP level 6. HP: 30/48 MP: 3/9
  5091 | D:4      | Noticed a sky beast
  5116 | D:4      | Killed a sky beast
  5394 | D:4      | Reached * piety under Cheibriados
  5416 | D:4      | Found a blossoming altar of Fedhas.
  5952 | D:4      | Gained mutation: You are completely covered in sharp
                  | spines. [demonic ancestry]
  5952 | D:4      | Reached XP level 7. HP: 26/55 MP: 4/10
  6201 | D:5      | Entered Level 5 of the Dungeon
  6304 | D:5      | Reached skill level 5 in Unarmed Combat
  6316 | D:5      | Found a white marble altar of Elyvilon.
  6583 | D:5      | Found an ornate altar of the Wu Jian Council.
  7211 | D:6      | Reached skill level 5 in Fighting
  7237 | D:5      | Reached skill level 1 in Armour
  7237 | D:5      | Reached skill level 5 in Transmutations
  7237 | D:5      | Gained mutation: You have a pair of antennae on your head.
                  | [demonic ancestry]
  7237 | D:5      | Reached XP level 8. HP: 50/62 MP: 4/11
  7308 | D:5      | Reached ** piety under Cheibriados
  8038 | D:6      | Found a staircase to the Ecumenical Temple.
  8127 | D:6      | Noticed Pikel
  8200 | D:5      | Killed Pikel
  8200 | D:5      | Gained mutation: When seriously injured, your bleeding
                  | wounds create thick armour. (AC +9) [demonic ancestry]
  8200 | D:5      | Reached XP level 9. HP: 64/69 MP: 9/12
  8631 | D:7      | Found an ornate altar of the Wu Jian Council.
  8833 | D:7      | Found a sacrificial altar of Ru.
  8985 | D:7      | Reached *** piety under Cheibriados
  9231 | D:8      | Found a transporter.
  9251 | D:8      | Noticed a two-headed ogre
  9261 | D:8      | Killed a two-headed ogre
  9261 | D:8      | Gained mutation: You regenerate a little health from kills.
                  | [demonic ancestry]
  9261 | D:8      | Reached XP level 10. HP: 47/79 MP: 7/13
  9346 | D:8      | Reached **** piety under Cheibriados
  9473 | D:8      | Noticed Sneal's ghost (novice DrBe)
  9480 | D:8      | Found a transporter.
  9537 | D:8      | Found a staircase to the Lair.
  9556 | D:8      | Found a bloodstained altar of Trog.
 10218 | D:8      | Learned a level 5 spell: Blade Hands
 10394 | D:9      | Found a radiant altar of Vehumet.
 10656 | D:10     | Entered Level 10 of the Dungeon
 10719 | D:10     | Reached ***** piety under Cheibriados
 10726 | D:10     | Noticed Maurice
 10731 | D:10     | Killed Maurice
 10779 | D:10     | Noticed Harold
 10812 | D:10     | Killed Harold
 11044 | D:10     | Noticed a two-headed ogre
 11056 | D:10     | Killed a two-headed ogre
 11056 | D:10     | Gained mutation: You have a pair of large antennae on your
                  | head. (SInv) [demonic ancestry]
 11056 | D:10     | Reached XP level 11. HP: 86/90 MP: 14/14
 11208 | D:10     | Noticed PeterQ's ghost (journeyman TrMo)
 11209 | D:10     | Found a runed gate.
 11210 | D:10     | Found a runed gate.
 11210 | D:10     | Found a runed gate.
 11256 | D:10     | Found Leurpheu's Gadget Shoppe.
 11475 | D:10     | Reached skill level 1 in Invocations
 11570 | D:10     | Got a shimmering whip
 11576 | D:10     | Identified the +1 whip of Palireolos {flame, MP+9 Dex-2
                  | SInv Stlth+} (You found it on level 10 of the Dungeon)
 11652 | D:10     | Noticed a deep elf mage
 11913 | D:10     | Killed a deep elf mage
 12000 | D:11     | Got an ancient dagger
 12008 | D:11     | Identified the +10 dagger of Kuz Jaateap {elec, Str+2} (You
                  | found it on level 11 of the Dungeon)
 12097 | D:11     | Noticed an unseen horror
 12102 | D:11     | Killed an unseen horror
 12124 | D:11     | Noticed a five-headed hydra
 12893 | D:8      | Killed Sneal's ghost
 12893 | D:8      | Reached skill level 5 in Invocations
 12956 | Lair:1   | Entered Level 1 of the Lair of Beasts
 13036 | Lair:1   | Found a labyrinth entrance.
 13697 | Lair:2   | Found a frozen archway.
 13703 | Lair:2   | Reached ****** piety under Cheibriados
 13748 | Lair:2   | Found a staircase to the Snake Pit.
 13798 | IceCv    | Entered an ice cave
 13812 | IceCv    | Reached skill level 10 in Transmutations
 13840 | IceCv    | Reached skill level 5 in Dodging
 13842 | IceCv    | Reached skill level 5 in Armour
 13845 | IceCv    | Reached XP level 12. HP: 93/97 MP: 15/17
 14509 | IceCv    | Noticed a frost giant
 14616 | IceCv    | Killed a frost giant
 14616 | IceCv    | Reached skill level 10 in Fighting
 15100 | Lair:2   | Found a runed gate.
 15100 | Lair:2   | Found a runed gate.
 15101 | Lair:2   | Found a runed gate.
 15105 | Lair:2   | Noticed Hedig's ghost (journeyman GrEE)
 15830 | Lair:3   | Found a staircase to the Shoals.
 15919 | Lair:3   | Noticed a four-headed hydra
 15925 | Lair:3   | Killed a six-headed hydra
 15925 | Lair:3   | Reached XP level 13. HP: 105/105 MP: 9/18
 16629 | Lair:4   | Reached skill level 10 in Unarmed Combat
 16680 | Lair:4   | Noticed Rupert
 17082 | D:10     | Identified the Collected Works on the Enthralling
                  | Snowflakes
 17093 | D:10     | Got an ancient hunting sling
 17229 | D:10     | Identified the +8 hunting sling of Classification {venom,
                  | Stlth+} (You found it on level 10 of the Dungeon)
 17752 | D:11     | Learned a level 1 spell: Confusing Touch
 18053 | D:11     | Found a blossoming altar of Fedhas.
 18100 | D:11     | Reached skill level 1 in Stealth
 18824 | D:12     | Found a roughly hewn altar of Beogh.
 18824 | D:12     | Found a staircase to the Orcish Mines.
 19040 | Orc:1    | Entered Level 1 of the Orcish Mines
 19179 | Orc:1    | Found a roughly hewn altar of Beogh.
 19502 | Orc:2    | Entered Level 2 of the Orcish Mines
 19607 | Orc:2    | Found Raek's Antique Armour Emporium.
 19720 | Orc:2    | Reached skill level 5 in Stealth
 19727 | Orc:2    | Reached XP level 14. HP: 108/115 MP: 19/19
 19889 | Orc:2    | Noticed moonpresence's ghost (journeyman HOBe)
 19968 | Orc:2    | Noticed an orc warlord
 20092 | Orc:2    | Killed an orc warlord
 20296 | Orc:2    | Found a runed gate.
 20296 | Orc:2    | Found a runed gate.
 20360 | Orc:2    | Found a runed gate.
 20442 | Orc:2    | Found Tozussot's Book Shoppe.
 20476 | Orc:2    | Found Qiaped's Armour Shop.
 20495 | Orc:2    | Found Ysoll's Antique Armour Emporium.
 20517 | Orc:2    | Bought a book of Transfigurations for 825 gold pieces
 20524 | Orc:2    | Learned a level 6 spell: Statue Form
 20527 | Orc:2    | Found Suivvahu's Book Shoppe.
 20552 | Orc:2    | Bought a distressingly furry ring mail for 234 gold pieces
 20552 | Orc:2    | Bought an embroidered cloak for 195 gold pieces
 20577 | Orc:2    | Identified the +3 ring mail of Baewood {rPois rCorr} (You
                  | bought it in a shop on level 2 of the Orcish Mines)
 21076 | Orc:2    | Found a staircase to the Elven Halls.
 21198 | Orc:2    | Bought a glowing cloak for 247 gold pieces
 21261 | Elf:1    | Entered Level 1 of the Elven Halls
 21281 | Elf:1    | Reached skill level 1 in Earth Magic
 21322 | Elf:1    | Got a flickering platinum amulet
 21779 | Elf:1    | Identified the Disquisition on Unholy Rituals
 22054 | Elf:1    | Found Heimev's Gadget Boutique.
 22181 | Elf:2    | Noticed a deep elf sorcerer
 22189 | Elf:2    | Killed a deep elf sorcerer
 22190 | Elf:2    | Reached skill level 5 in Earth Magic
 22681 | Snake:1  | Entered Level 1 of the Snake Pit
 22767 | Lair:2   | Identified the amulet of Ofic {Reflect +Inv rPois Dex+2
                  | SH+3} (You found it on level 1 of the Elven Halls)
 22780 | Lair:2   | Killed Hedig's ghost
 22784 | Lair:2   | Mangled by a five-headed hydra simulacrum

Skill      XL: |  1  2  3  4  5  6  7  8  9 10 11 12 13 14 |
---------------+-------------------------------------------+-----
Transmutations | 2 3 4 5 6 7 9 10 11 12 | 12.7
Unarmed Combat | 3 4 5 6 8 9 10 | 10.9
Fighting       | 2 3 4 5 6 8 9 10 12 | 12.9
Dodging        | 2 5 6 8 |  8.5
Armour         | 1 2 5 6 7 |  7.1
Invocations    | 7 8 |  8.0
Stealth        | 5 |  5.0
Earth Magic    | 5 |  5.5
Spellcasting   | |  2.0

Action                   |  1- 3 |  4- 6 |  7- 9 | 10-12 | 13-15 || total
-------------------------+-------+-------+-------+-------+-------++-------
Melee: Unarmed           |   146 |   151 |   203 |   415 |   475 ||  1390
       Kick              |    16 |    24 |    58 |    24 |       ||   122
       Punch             |     1 |     1 |     8 |    43 |    47 ||   100
       Dagger            |       |       |       |    11 |       ||    11
 Fire: Shortbow          |       |       |       |    54 |       ||    54
       Hunting sling     |       |       |       |       |   162 ||   162
Throw: Throwing net      |       |       |       |       |     1 ||     1
 Cast: Beastly Appendage |    19 |    20 |    23 |    11 |       ||    73
       Sticks to Snakes  |       |     8 |    34 |    11 |    19 ||    72
       Blade Hands       |       |       |       |    27 |    15 ||    42
Invok: Slouch            |       |       |       |       |     5 ||     5
Evoke: Wand              |       |       |       |     2 |     1 ||     3
  Use: Scroll            |       |       |    14 |     7 |     2 ||    23
       Potion            |       |       |       |    12 |     1 ||    13
 Stab: Sleeping          |     5 |       |       |     2 |     3 ||    10
       Distracted        |       |       |     1 |     1 |     5 ||     7
       Invisible         |       |       |       |       |     3 ||     3
  Eat: Chunk             |     5 |     8 |     5 |    15 |    13 ||    46
       Ration            |       |     1 |     1 |     2 |     3 ||     7
Armor: Robe              |    27 |    13 |       |       |       ||    40
       Ring mail         |       |     8 |    62 |    29 |    35 ||   134
       Troll leather arm |       |       |       |    71 |       ||    71
       Scale mail        |       |       |       |    48 |    95 ||   143
Dodge: Dodged            |   106 |    75 |   105 |   388 |   403 ||  1077
Block: Other             |       |       |       |       |     2 ||     2
